 Dungeon Crawl Stone Soup version 0.28-a0-1038-g9c4cb8273d (webtiles) character file.

Game seed: 271640161148165383

130 siradein the Skirmisher (level 5, -1/46 HPs)
             Began as a Ghoul Monk on Dec 9, 2021.
             Slain by a gnoll (3 damage)
             ... on level 4 of the Dungeon.
             The game lasted 00:06:36 (3283 turns).

siradein the Skirmisher (Ghoul Monk)                Turns: 3283, Time: 00:06:37

Health: -1/46      AC:  8    Str: 15    XL:     5   Next: 13%
Magic:  4/4        EV:  6    Int:  5    God:
Gold:   124        SH:  3    Dex: 13    Spells: 4/4 levels left

rFire   . . .      SeeInvis .   m - +0 flail
rCold   + . .      Faith    +   o - +0 buckler
rNeg    + + +      Spirit   .   b - +0 chain mail
rPois   ∞          Reflect  .   (no helmet)
rElec   .          Harm     .   (no cloak)
rCorr   .          Rampage  .   (no gloves)
Will    .....                   (no boots)
Stlth   ..........              d - amulet of faith
HPRegen 0.00/turn               (no ring)
MPRegen 0.09/turn               (no ring)

@: inhibited regen
A: claws 1, cold resistance 1, negative energy resistance 3, inhibited
regeneration, torment resistance 2
a: no special abilities


You were on level 4 of the Dungeon.
You visited 1 branch of the dungeon, and saw 4 of its levels.

You collected 124 gold pieces.

Inventory:

Hand Weapons
 m - a +0 flail (weapon)
Missiles
 l - 11 poisoned darts (quivered)
Armour
 b - a +0 chain mail (worn)
 o - a +0 buckler (worn)
Jewellery
 d - an amulet of faith (around neck)
Scrolls
 c - 3 scrolls of identify {unknown}
 g - 2 scrolls of magic mapping {unknown}
 i - a scroll of blinking {unknown}
 p - a scroll of noise {unknown}
Potions
 a - a potion of heal wounds {unknown}
 e - 2 potions of curing {unknown}
 f - a potion of lignification {unknown}
 h - a potion of magic {unknown}
 j - a potion of resistance {unknown}
 k - a potion of mutation {unknown}
 n - a potion of flight {unknown}


   Skills:
 + Level 4.3 Fighting
 + Level 3.6 Maces & Flails
 + Level 0.3 Armour
 + Level 3.5 Dodging
 - Level 2.6 Stealth
 + Level 0.2 Shields


You had 4 spell levels left.
You didn't know any spells.
Your spell library contained the following spells:

 Spells                   Type           Power      Damage    Failure   Level
 Ignite Poison            Fire/Tmut/Pois 0%         N/A       100%        3
 Mephitic Cloud           Conj/Pois/Air  0%         N/A       100%        3
 Freezing Cloud           Conj/Ice/Air   0%         6-21      100%        5


Dungeon Overview and Level Annotations

Branches:
Dungeon (3/15)

Altars:
Sif Muna

Annotations:
D:3 3 runed translucent doors, bearlyready's ghost, amateur MfFi; voltaire321's ghost, amateur DECj


Innate Abilities, Weirdness & Mutations

You thrive by killing the living.
You are immune to poison.
You have sharp fingernails.
Your flesh is cold resistant. (rC+)
You are immune to negative energy. (rN+++)
You do not regenerate when monsters are visible.
You are immune to unholy pain and torment.


Message History

The jackal bites you but does no damage.
You completely miss the jackal.
The jackal is heavily wounded.
The jackal bites you but does no damage. x2
You hit the jackal.
You kill the jackal!
You feel better.
You hit the orc.
The orc is almost dead.
The orc barely misses you. The orc closely misses you.
You sock the orc!
You kill the orc!
The orc hits you but does no damage.
Found an escape hatch in the ceiling.
An adder comes into view.
The adder hisses angrily.
You miss the adder. The adder completely misses you.
The orc hits you but does no damage. The adder bites you but does no damage.
You sock the adder!
The adder is almost dead.
You block the adder's attack. The orc barely misses you.
The adder bites you but does no damage.
You miss the adder.
The adder is almost dead.
The adder bites you but does no damage. The orc hits you with a +0 mace.
You miss the adder.
The adder is almost dead.
The adder bites you but does no damage. The orc hits you with a +0 mace.
* * * LOW HITPOINT WARNING * * *
The adder bites you but does no damage. The orc hits you with a +0 mace.
* * * LOW HITPOINT WARNING * * *
You miss the adder.
The adder is almost dead.
The orc hits you with a +0 mace.
* * * LOW HITPOINT WARNING * * *
You block the gnoll's attack. The adder bites you.
* * * LOW HITPOINT WARNING * * *
The orc barely misses you.
The gnoll hits you from afar with a +0 spear.
You die...

#.# #.# .. #.# #.# .#
#.# #.# .# #.# ##.## .#
##.###...######.
##...#..#......g#
##.#.#.....#####o##.#...
)........K.ogogo@S......
##.#.#..#.######..###...
##.......# #..#
##..##### #..# ##.# #..#
#.# #..# #.# #..# #.#
#..#


You could see a kobold brigand, 3 gnolls, an adder and 4 orcs.

Vanquished Creatures
  An iguana (D:1)
  3 gnolls
  An adder (D:2)
  A worm (D:2)
  2 dart slugs (D:1)
  An orc (D:4)
  5 ball pythons
  7 endoplasms
  A giant cockroach (D:2)
  2 goblins
  3 hobgoblins
  4 jackals (D:4)
  6 kobolds
  5 quokkas
  6 bats
  6 frilled lizards
  2 rats
56 creatures vanquished.

Vanquished Creatures (others)
  A plant (D:1)
  3 withered plants (D:3)
4 creatures vanquished.

Grand Total: 60 creatures vanquished

Notes
Turn   | Place    | Note
-------+----------+-------------------------------------------
     0 | D:1      | siradein the Ghoul Monk began the quest for the Orb.
     0 | D:1      | Reached XP level 1. HP: 19/19 MP: 0/0
   273 | D:1      | Reached XP level 2. HP: 26/26 MP: 1/1
   934 | D:1      | Reached XP level 3. HP: 31/31 MP: 2/2
  1466 | D:1      | Reached skill level 4 in Fighting
  1466 | D:1      | Reached XP level 4. HP: 16/40 MP: 3/3
  2727 | D:3      | Reached XP level 5. HP: 46/46 MP: 4/4
  2837 | D:3      | Found a runed translucent gate.
  2838 | D:3      | Found a runed translucent gate.
  2839 | D:3      | Found a runed translucent gate.
  2844 | D:3      | Noticed bearlyready's ghost (amateur MfFi)
  2844 | D:3      | Noticed voltaire321's ghost (amateur DECj)
  3186 | D:3      | Found a shimmering blue altar of Sif Muna.
  3196 | D:3      | You fall into a shaft and drop 1 floor!
  3198 | D:4      | Noticed a kobold brigand
  3283 | D:4      | HP: 2/46 [adder (3)]
  3283 | D:4      | Slain by a gnoll

Illustrated notes

Levels and vault maps discovered:
D:1:      sevenhm_arrival_forest_fort_small_4, layout_loops_ring,
          minmay_pentomino_t4
D:2:      layout_loops_cross
D:3:      layout_basic, mainiacjoe_overflow_paths, gammafunk_ghost_cemetery
D:4:      lemuel_castle_with_subvaults [lemuel_castle_interior_carwin_3],
          layout_loops_ring, mainiacjoe_overflow_surrounded_room,
          mainiacjoe_overflow_small_starburst

Skill      XL: |  1  2  3 |
---------------+----------+-----
Maces & Flails | 3 |  3.6
Dodging        | 3 |  3.5
Fighting       | 4 |  4.3
Armour         | |  0.3
Stealth        | |  2.6
Shields        | |  0.2

Action                   |  1- 3 |  4- 6 || total
-------------------------+-------+-------++-------
Melee: Mace              |    97 |       ||    97
       Flail             |       |   102 ||   102
Throw: Dart              |     1 |       ||     1
 Stab: Sleeping          |     1 |       ||     1
Armor: Robe              |    10 |       ||    10
       Scale mail        |     8 |       ||     8
       Chain mail        |    21 |    95 ||   116
Dodge: Dodged            |    49 |    51 ||   100
Block: Buckler           |       |    18 ||    18

Table legend: (Time is in decaauts)
 A = Elapsed time spent in this place.
 B = Non-inter-level travel time spent in this place.
 C = Inter-level travel time spent in this place.
 D = Time resting spent in this place.
 E = Time spent auto-exploring this place.
 F = Levels seen in this place.
 G = Mean time per level.
                   A        B        C        D        E       F      G
               +--------+--------+--------+--------+--------+-----+--------+
         Total |   3350 |   3344 |      6 |    686 |   2009 |   4 |  837.5 |
       Dungeon |   3350 |   3344 |      6 |    686 |   2009 |   4 |  837.5 |
               +--------+--------+--------+--------+--------+-----+--------+

Top non-repeatable levels by time:
     D:1: 1962 daAuts
     D:2: 813 daAuts
     D:3: 480 daAuts
     D:4: 92 daAuts
